Map: New Repugnancy LE

Players

Lambo

  • Race: Zerg Zerg
  • Spawn Location: 1:00

Serral - Winner!

  • Race: Zerg Zerg
  • Spawn Location: 7:00

Event: 2019 WCS Spring

VOD

Have the link to the VOD?

Description

Time

  • Played on: May 18, 2019, 2:18 p.m.
  • Length: 8:35

All games in this series

Show
View Real Time Build Order
Export as new Build Order

Lambo Zerg 

Build Orders: Hatch First 

Get SALT Encoding   

  12  0:00  Drone  
  13  0:13  Overlord  
  13  0:18  Drone  
  14  0:31  Drone x2  
  16  0:48  Hatchery  
  15  0:52  Drone  
  15  0:55  Drone  
  17  0:58  Drone  
  17  1:02  Extractor  
  17  1:14  Spawning Pool  
  17  1:17  Drone  
  17  1:21  Drone  
  18  1:28  Drone  
  19  1:41  Drone  
  20  1:51  Drone  
  21  2:01  Queen x2  
  23  2:02  Metabolic Boost  
  23  2:06  Overlord  
  23  2:08  Drone  
  26  2:14  Zergling x4  
  28  2:25  Drone, Zergling x2  
  30  2:32  Drone  
  30  2:36  Drone  
  32  2:41  Hatchery  
  32  2:43  Zergling x2  
  32  2:47  Zergling x2  
  33  2:52  Baneling Nest  
  33  2:56  Overlord  
  32  3:03  Zergling x2  
  33  3:07  Drone  
  33  3:08  Drone  
  35  3:16  Drone x2  
  35  3:18  Drone  
  35  3:19  Drone  
  39  3:24  Drone x2  
  41  3:28  Drone  
  41  3:29  Overlord  
  42  3:36  Zergling x4  
  44  3:48  Zergling x8  
  45  3:49  Zergling x2  
  45  3:52  Zergling x6  
  51  3:58  Zergling x2  
  51  4:01  Zergling x4  
  48  4:05  Zergling x2  
  48  4:08  Baneling  
  48  4:11  Zergling x4  
  48  4:19  Zergling x6  
  48  4:23  Zergling x6  
  45  4:29  Baneling x2  
  45  4:31  Zergling x4  
  45  4:37  Zergling x4  
  44  4:45  Baneling x2, Queen  
  40  4:51  Zergling x2  
  40  4:52  Drone x2  
  45  4:57  Drone  
  45  4:58  Baneling  
  46  5:01  Queen  
  46  5:05  Drone x3  
  50  5:16  Drone x2  
  50  5:17  Baneling  
  50  5:20  Drone x2  
  50  5:21  Evolution Chamber  
  51  5:25  Drone x2  
  51  5:26  Zergling x2  
  51  5:31  Zergling x6  
  53  5:36  Zergling x4  
  53  5:40  Zergling x4  
  54  5:43  Zergling x2  
  54  5:46  Zergling x4  
  51  5:54  Drone x2  
  53  5:57  Baneling  
  53  6:00  Queen  
  53  6:01  Drone x2  
  53  6:02  Baneling x3  
  56  6:06  Zergling x2  
  56  6:07  Baneling x2  
  57  6:15  Drone  
  57  6:17  Roach Warren  
  56  6:19  Drone x2  
  56  6:26  Zergling x2  
  56  6:28  Baneling  
  56  6:29  Baneling, Overlord  
  56  6:30  Drone  
  56  6:31  Overlord  
  58  6:33  Extractor x2  
  58  6:37  Zergling x2  
  58  6:38  Zergling x2  
  58  6:42  Overlord  
  58  6:46  Overlord  
  58  6:49  Drone x5  
  58  6:52  Drone x2  
  64  6:54  Drone  
  64  7:02  Drone x2  
  64  7:07  Drone x4  
  68  7:15  Zergling x6  
  69  7:18  Zergling x8  
  69  7:22  Roach  
  75  7:23  Roach, Zergling x2  
  75  7:25  Zergling x2  
  75  7:27  Zergling x4  
  75  7:29  Zergling x4  
  75  7:31  Zergling x2  
  75  7:35  Baneling, Roach  
  72  7:39  Roach  
  66  7:45  Roach  
  66  7:46  Roach  
  66  7:50  Drone x2  
  70  7:53  Drone x2  
  70  7:56  Roach  
  73  8:02  Zergling x2  
  76  8:08  Roach  
  76  8:09  Roach x2  
  76  8:12  Drone x2  
  84  8:17  Drone  
  84  8:18  Drone x2  
  90  8:29  Extractor  
  90  8:30  Extractor  
Show
View Real Time Build Order
Export as new Build Order

Serral Zerg - Winner!

Build Orders: Hatch First, Zergling Baneling 

Get SALT Encoding   

  12  0:00  Drone  
  13  0:12  Overlord  
  13  0:16  Drone  
  14  0:30  Drone x2  
  16  0:47  Hatchery  
  15  0:50  Drone  
  15  0:54  Drone  
  17  0:57  Drone  
  18  1:08  Extractor  
  17  1:13  Spawning Pool  
  17  1:17  Drone  
  17  1:19  Drone  
  18  1:27  Drone  
  19  1:38  Drone  
  20  1:49  Drone  
  21  1:59  Queen  
  21  2:00  Overlord, Queen  
  21  2:01  Zergling x2  
  26  2:08  Metabolic Boost  
  26  2:10  Drone  
  26  2:11  Drone  
  28  2:21  Drone x2  
  30  2:35  Hatchery  
  29  2:38  Drone  
  29  2:41  Zergling x2  
  31  2:44  Baneling Nest  
  31  2:46  Zergling x2  
  31  2:49  Zergling x2  
  32  2:53  Overlord  
  32  2:56  Zergling x2  
  33  3:07  Zergling x6  
  36  3:13  Zergling x4  
  36  3:19  Overlord, Zergling x4  
  40  3:27  Baneling x2  
  40  3:30  Zergling x4  
  40  3:31  Zergling x2  
  43  3:39  Baneling  
  43  3:41  Drone  
  43  3:42  Drone x4  
  43  3:47  Overlord  
  48  3:52  Overlord  
  47  3:56  Drone x3  
  47  4:01  Baneling x3  
  49  4:04  Drone  
  49  4:07  Drone x2  
  52  4:11  Baneling  
  52  4:12  Baneling  
  49  4:19  Drone x4  
  49  4:32  Zergling x4  
  49  4:33  Zergling x4  
  51  4:38  Drone  
  51  4:40  Drone x2  
  51  4:45  Queen  
  56  4:48  Zergling x2  
  56  4:50  Overlord  
  57  4:55  Baneling x2, Zergling x4  
  57  4:56  Zergling x2  
  60  5:02  Extractor, Roach Warren  
  60  5:06  Baneling  
  58  5:08  Baneling  
  57  5:16  Overlord  
  57  5:17  Drone x6  
  63  5:21  Drone x4  
  66  5:31  Baneling x2  
  65  5:38  Zergling x12  
  69  5:47  Zergling x4  
  68  5:52  Extractor  
  68  5:53  Evolution Chamber  
  68  5:54  Baneling  
  68  5:55  Zergling x4  
  68  5:58  Overlord  
  68  5:59  Drone x4  
  68  6:01  Zergling x4  
  68  6:03  Drone x2  
  76  6:07  Zergling x2  
  76  6:08  Baneling x2  
  77  6:13  Zergling x2  
  77  6:14  Drone  
  79  6:21  Overlord  
  77  6:26  Drone x2  
  77  6:30  Drone, Baneling  
  77  6:31  Baneling  
  79  6:33  Zerg Missile Weapons Level 1  
  79  6:34  Lair  
  79  6:36  Extractor  
  79  6:37  Extractor  
  79  6:39  Baneling, Zergling x4  
  79  6:40  Baneling  
  79  6:45  Overlord  
  79  6:47  Drone x6  
  81  6:50  Drone x3  
  80  7:00  Drone x3  
  82  7:03  Overlord  
  81  7:11  Drone x2  
  82  7:17  Drone  
  82  7:18  Roach x6  
  97  7:23  Roach  
  97  7:28  Roach x2  
  100  7:30  Roach  
  100  7:31  Roach  
  100  7:33  Roach x2  
  100  7:34  Roach  
  106  7:40  Extractor  
  106  7:42  Drone x5  
  107  7:46  Drone x3  
  107  7:49  Hatchery, Roach x2  
  112  7:54  Roach  
  112  7:58  Roach x2  
  112  8:00  Roach x3  
  112  8:02  Evolution Chamber  
  112  8:04  Roach  
  119  8:08  Overlord  
  119  8:10  Overseer  
Tags
 
Add a new tag
Caveats
  • Supply blocks, unpowered buildings, or Contaminate may cause inaccurate times.
  • Supply counts are checked every 10 seconds.